 Dungeon Crawl Stone Soup version 0.28-a0-1629-gf728b707aa (webtiles) character file.

Game seed: 8237170958231689400

56 kae the Ruffian (level 3, -3/28 HPs)
             Began as a Draconian Transmuter on Jan 24, 2022.
             Slain by a gnoll (15 damage)
             ... on level 2 of the Dungeon.
             The game lasted 00:01:07 (1420 turns).

kae the Ruffian (Draconian Transmuter)              Turns: 1420, Time: 00:01:08

Health: -3/28      AC:  2    Str: 12    XL:     3   Next: 69%
Magic:  12/15      EV: 10    Int: 15    God:
Gold:   60         SH:  0    Dex: 16    Spells: 2/6 levels left

rFire   . . .      SeeInvis .     - Unarmed
rCold   . . .      Faith    .   (shield currently unavailable)
rNeg    . . .      Spirit   .   (armour unavailable)
rPois   x          Reflect  .   (helmet currently unavailable)
rElec   .          Harm     .   (cloak currently unavailable)
rCorr   +          Rampage  .   (gloves currently unavailable)
Will    .....                   (boots currently unavailable)
Stlth   +.........              (no amulet)
HPRegen 0.09/turn               f - ring of magical power
MPRegen 0.14/turn               g - ring of resist corrosion

@: spider-form, held
A: venomous fangs, AC +5, tiny, unfitting armour, (cold-blooded)
a: End Transformation


You were on level 2 of the Dungeon.
You were a venomous arachnid creature.
You visited 1 branch of the dungeon, and saw 2 of its levels.

You collected 60 gold pieces.

Inventory:

Jewellery
 f - a ring of magical power (left front leg)
 g - a ring of resist corrosion (right front leg)
Scrolls
 c - 2 scrolls of identify {unknown}
 e - a scroll of amnesia {unknown}
 h - a scroll of fog {unknown}
Potions
 a - a potion of mutation {unknown}
 b - a potion of attraction {unknown}
 d - a potion of lignification {unknown}
 i - a potion of heal wounds {unknown}


   Skills:
 + Level 1.6 Fighting
 + Level 2.0 Dodging
 * Level 3.5 Unarmed Combat
 + Level 2.3 Spellcasting
 * Level 2.5 Transmutations
 * Level 0.8 Poison Magic


You had 2 spell levels left.
You knew the following spells:

 Your Spells              Type           Power      Damage    Failure   Level
a - Beastly Appendage     Tmut           18%        N/A       21%         1
b - Spider Form           Tmut/Pois      6%         N/A       54%         3

Your spell library contained the following spells:

 Spells                   Type           Power      Damage    Failure   Level
 Wereblood                Tmut           9%         N/A       26%         2
 Ice Form                 Ice/Tmut       5%         N/A       90%         4


Dungeon Overview and Level Annotations

Branches:
Dungeon (2/15)

Altars:


Innate Abilities, Weirdness & Mutations

You are a venomous arachnid creature.
You have poisonous fangs.
You are tiny and dextrous.
Your spellcasting is less reliable in this form.
Your armour is entirely melded.
You are incapable of wielding weapons or throwing items.
((Your plain brown scales are hard. (AC +5)))
You cannot fit into any form of body armour.
((You are cold-blooded and may be slowed by cold attacks.))


Message History

You hit the frilled lizard but do no damage.
The frilled lizard is poisoned.
You kill the frilled lizard!
The gnoll completely misses you.
You hit the gnoll.
The gnoll is poisoned.
The gnoll is moderately wounded.
The gnoll barely misses you.
You bite the gnoll!
You kill the gnoll!
You see here a +0 club.
You start resting.
Your transformation has ended.
There is a stone staircase leading down here.
You start resting.
Magic restored.
HP restored.
Casting: Spider Form (extremely dangerous; 32% risk of failure)
Confirm with . or Enter, or press ? or * to list all spells.
The spell is extremely dangerous to miscast (32% risk of failure)!
Continue anyway? [Y]es or [N]o only, please.
The spell is extremely dangerous to miscast (32% risk of failure)!
Continue anyway?
You turn into a venomous arachnid creature.
You climb downwards.
The gnoll throws a stone.
The stone hits you.
The gnoll throws a stone.
The stone closely misses you.
There is a stone staircase leading up here.
The gnoll misses you.
You hit the gnoll.
The gnoll is lightly wounded.
The gnoll hits you with a +0 halberd!
You are too injured to fight recklessly!
You are too injured to fight recklessly!
You are too injured to fight recklessly!
You are too injured to fight recklessly!
You are too injured to fight recklessly!
You hit the gnoll but do no damage.
The gnoll is poisoned.
The gnoll is lightly wounded.
The gnoll throws a throwing net.
The throwing net hits you.
You become entangled in the net!
The gnoll hits you with a +0 halberd!
Ouch! That really hurt!
You die...

##........# #.##.# #.#
#..######## #....<.#
#.# #..# #.#..... .>#
#..# #.#.#### ### #..#
#.#.## #..# #....#
#..#### #.[#.# #.....#
#...<### ##.##.#
#.gs...#
#†##.#######..###.#
###.##..........# ..#
#..........g###........
#.########..#
####...#.# #. #g.#
.##.# # #..# # # #..#
#.g#


You could see 2 gnolls.

Vanquished Creatures
  2 gnolls (D:1)
  5 endoplasms
  A giant cockroach (D:2)
  2 goblins (D:1)
  3 hobgoblins
  6 jackals (D:1)
  3 quokkas (D:2)
  2 ball pythons (D:1)
  2 bats
  4 frilled lizards
  2 kobolds
32 creatures vanquished.

Notes
Turn   | Place    | Note
-------+----------+-------------------------------------------
     0 | D:1      | kae the Draconian Transmuter began the quest for the Orb.
     0 | D:1      | Reached XP level 1. HP: 16/16 MP: 3/3
   340 | D:1      | Found a faded altar of an unknown god.
   362 | D:1      | Reached XP level 2. HP: 18/23 MP: 3/5
  1012 | D:2      | Reached XP level 3. HP: 25/28 MP: 6/6
  1016 | D:2      | Learned a level 3 spell: Spider Form
  1420 | D:2      | Slain by a gnoll

Illustrated notes

Levels and vault maps discovered:
D:1:      dpeg_arrival_oval, layout_rooms, chequers_ecumenical_altar_simple
D:2:      layout_loops_ring

Skill      XL: |  1  2 |
---------------+-------+-----
Dodging        | 2 |  2.0
Fighting       | |  1.6
Unarmed Combat | |  3.5
Spellcasting   | |  2.3
Transmutations | |  2.5
Poison Magic   | |  0.8

Action                   || total
-------------------------++-------
Melee: Unarmed           ||    91
       Kick              ||     8
       Headbutt          ||     8
       Tailslap          ||     7
 Cast: Beastly Appendage ||    15
       Spider Form       ||     3
Armor: Skin              ||    36
Dodge: Dodged            ||    56

Table legend: (Time is in decaauts)
 A = Elapsed time spent in this place.
 B = Non-inter-level travel time spent in this place.
 C = Inter-level travel time spent in this place.
 D = Time resting spent in this place.
 E = Time spent auto-exploring this place.
 F = Levels seen in this place.
 G = Mean time per level.
                   A        B        C        D        E       F      G
               +--------+--------+--------+--------+--------+-----+--------+
         Total |   1418 |   1386 |     32 |    323 |    825 |   2 |  709.0 |
       Dungeon |   1418 |   1386 |     32 |    323 |    825 |   2 |  709.0 |
               +--------+--------+--------+--------+--------+-----+--------+

Top non-repeatable levels by time:
     D:1: 1095 daAuts
     D:2: 323 daAuts
